AoeStats
← MeowMe

African Clearing

504984838Analyzed
3v3 RM · 24d ago on Sep 7, 2026· 31m 30s· 6 players
Game mode
Random Map
Map size
Normal (6 player)
Population
200
Speed
Normal
Resources
Standard
Victory
Conquest
Starting age
Dark Age
Ending age
Imperial Age
RankedLock teamsTeams togetherTeam positionsShared explorationLock speedFull tech treeHidden civsTurbo modeCheats
Victory
Defeat
🇧🇾 Berbers · Belarus
1514
+9
🇷🇺 Jurchens · Russia
1436
+12
🇬🇪 Turks · Georgia
1435
+12
🇬🇧 Vietnamese · United Kingdom
1393
-13
🇬🇧 Burgundians · United Kingdom
1361
-11
🇬🇧 Wei · United Kingdom
1304
-9
SiraZaika
4:42 Loom
13:00 Feudal Age
14:25 Town Watch
15:11 Double-Bit Axe
17:31 Castle Age
16:27 Scale Barding Armor
19:59 Bloodlines
23:27 Chain Barding Armor
24:33 Forging
30:33 Fletching
32:36 Wheelbarrow
MeowMe
4:22 Loom
13:19 Feudal Age
16:02 Town Watch
18:42 Castle Age
16:46 Stone Mining
19:58 Gold Mining
20:00 Double-Bit Axe
21:44 Padded Archer Armor
30:55 Horse Collar
32:06 Leather Archer Armor
OLADUSHEK
8:29 Loom
10:56 Feudal Age
11:30 Double-Bit Axe
12:16 Town Watch
13:41 Forging
16:09 Bloodlines
17:45 Wheelbarrow
23:06 Castle Age
21:57 Scale Barding Armor
21:54 Fletching
22:53 Horse Collar
23:10 Light Cavalry
23:48 Bodkin Arrow
25:33 Husbandry
26:44 Padded Archer Armor
26:37 Gold Mining
27:38 Padded Archer Armor
29:17 Hand Cart
29:38 Kasbah
31:03 Bow Saw
The Great Tiger Paw
13:21 Feudal Age
13:18 Loom
14:39 Wheelbarrow
17:30 Castle Age
16:18 Double-Bit Axe
16:58 Horse Collar
18:29 Bow Saw
20:43 Fletching
22:40 Bodkin Arrow
The Great Lynx Paw
6:25 Loom
8:06 Loom
13:50 Feudal Age
15:33 Double-Bit Axe
18:26 Castle Age
17:46 Town Watch
19:22 Scale Barding Armor
20:43 Wheelbarrow
20:11 Stone Mining
21:38 Gold Mining
21:29 Horse Collar
25:27 Forging
26:37 Scale Mail Armor
27:03 Bloodlines
26:55 Husbandry
27:49 Squires
29:07 Pikeman
30:15 Chain Barding Armor
30:49 Hand Cart
The Great Lion Paw
3:54 Wheelbarrow
7:44 Loom
10:34 Double-Bit Axe
15:39 Feudal Age
22:41 Castle Age
27:12 Horse Collar
Connection lost

Rejoining the realm…

Still unreachable

The connection could not be restored.

Session expired

The server has moved on; the page needs a fresh start.